 Dungeon Crawl Stone Soup version 0.29.0-4-gdea44cf6ec (webtiles) character file.

Game seed: 17389001397109327956

11218 qw the Blocker (level 11, -16/100 HPs)
             Began as a Troll Cinder Acolyte on Sept 1, 2022.
             Was a Believer of Ignis.
             Killed from afar by an acid dragon (19 damage)
             ... with a splash of acid
             ... on level 10 of the Dungeon.
             The game lasted 00:04:57 (8363 turns).

qw the Blocker (Troll Cinder Acolyte)               Turns: 8363, Time: 00:04:57

Health: -16/100    AC:  7    Str: 28    XL:     11   Next: 46%
Magic:  11/11      EV:  7    Int: 10    God:    Ignis [**....]
Gold:   131        SH: 15    Dex:  5    Spells: 12/12 levels left

rFire   + . .      SeeInvis .     - Unarmed
rCold   . . .      Faith    .   l - +0 tower shield
rNeg    . . .      Spirit   .   a - +0 robe
rPois   +          Reflect  .   (helmet restricted)
rElec   .          Harm     .   o - scarf {repulsion}
rCorr   .          Rampage  .   (gloves unavailable)
Will    .....                   (boots unavailable)
Stlth   +.........              (no amulet)
HPRegen 1.06/turn               n - ring of poison resistance
MPRegen 0.12/turn               j - +4 ring of slaying {mikee}

@: about to teleport, corroded, fiery-armoured, repel missiles
A: large, unfitting armour, claws 3, regeneration 1, shaggy fur 1, tough skin 1
a: Renounce Religion, Fiery Armour, Foxfire Swarm, Rising Flame


You were on level 10 of the Dungeon.
You worshipped Ignis.
Ignis was pleased with you.
You visited 1 branch of the dungeon, and saw 10 of its levels.
You also visited: Sewer.

You collected 617 gold pieces.
You spent 486 gold pieces at shops.


Innate Abilities, Weirdness & Mutations

You are too large for most types of armour.
You have claws for hands.
Your natural rate of healing is unusually fast.
You are covered in fur. (AC +1)
You have tough skin. (AC +1)


   Skills:
 - Level 4.2 Fighting
 - Level 3.1 Throwing
 - Level 1.6 Dodging
 - Level 12.5 Shields
 + Level 11.0 Unarmed Combat
 - Level 1.0 Spellcasting
 - Level 2.1 Fire Magic


You had 12 spell levels left.
You didn't know any spells.
Your spell library contained the following spells:

 Spells                   Type           Power      Damage    Failure   Level
 Scorch                   Fire           8%         2d5       56%         2

Inventory:

Missiles
 q - 3 boomerangs
 s - 8 javelins (quivered)
 u - a silver javelin
Armour
 a - a +0 robe (worn)
 l - a +0 tower shield (worn)
 o - a scarf of repulsion (worn)
 p - +0 acid dragon scales
 t - a +0 robe of willpower
 v - a +0 cloak
Jewellery
 c - a ring of positive energy
 j - a +4 ring of slaying (right claw) {mikee}
 m - a ring of ice
 n - a ring of poison resistance (left claw)
Scrolls
 d - 7 scrolls of identify
 g - 4 scrolls of teleportation
 h - 2 scrolls of enchant weapon
Potions
 b - a potion of mutation
 e - 5 potions of curing
 f - 2 potions of heal wounds
 i - 2 potions of haste
 k - 3 potions of might
 r - 2 potions of resistance
 w - 2 potions of cancellation {unknown}

Dungeon Overview and Level Annotations

Branches:
Dungeon (10/15)            Temple (0/1) D:6            Lair (0/5) D:10
    Orc (0/2) D:10          Sewer (visited)

Altars:
Cheibriados
Elyvilon
Nemelex Xobeh
Vehumet

Shops:
D:7 *   D:9 [

Portals:
Trove: D:10 (give +3 gold dragon scales)


Message History

You scratch the death yak.
The death yak is moderately wounded.
The death yak gores you!!
The death yak is burned by your cloak of flames.
The death yak is heavily wounded.
The death yak gores you!
The death yak is burned by your cloak of flames.
The death yak is lightly wounded.
8353 ||| Stepping ~*~*~tactically~*~*~ (outnumbered).
The death yak attacks as you move away! The death yak closely misses you.
You block the death yak's attack. The death yak gores you!!
The death yak is burned by your cloak of flames.
The death yak is lightly wounded.
8354 ||| Stepping ~*~*~tactically~*~*~ (outnumbered).
The death yak attacks as you move away! You block the death yak's attack.
8355 ||| Stepping ~*~*~tactically~*~*~ (outnumbered).
8356 ||| Stepping ~*~*~tactically~*~*~ (outnumbered).
8357 ||| Stepping ~*~*~tactically~*~*~ (outnumbered).
The death yak attacks as you move away!
The death yak gores you but does no damage.
8358 ||| Stepping ~*~*~tactically~*~*~ (outnumbered).
The death yak attacks as you move away! The death yak gores you.
Found a portal to a secret trove of treasure.
8359 ||| Stepping ~*~*~tactically~*~*~ (outnumbered).
The death yak attacks as you move away! You block the death yak's attack.
8360 ||| Stepping ~*~*~tactically~*~*~ (outnumbered).
You scratch the death yak.
The death yak is heavily wounded.
You scratch the death yak but do no damage.
The death yak is heavily wounded.
The death yak gores you! The acid dragon spits acid at you.
The splash of acid hits you! The acid corrodes you!
8363 ||| READING 5 scrolls of teleportation.
As you read the scroll of teleportation, it crumbles to dust.
You feel strangely unstable. You block the death yak's attack.
The acid dragon spits acid at you. The splash of acid hits you!!
You die...

### # ... ### ####
#.##.##...## ...#
.#...#....## ...#
..\.......# ...#
...#.....# ...#
#.##.....# ...#
#@YY....## #... ...#
##Dr.....# #.#. ..<#
#Y.r....# #.#. #.##
###.......### #...
#..#
####.....#######...
##.#
####.....###.......
#.#
####.....###.###...
#.## #............#
#... #%.#
###............###...


You could see 3 death yaks, an acid dragon (catching breath), a river rat and a
quokka.

Vanquished Creatures
  5 two-headed ogres
  A manticore (D:9)
  A gargoyle (D:10)
  A hornet (D:7)
  Sigmund (D:5)
  A vampire (D:8)
  26 yaks
  A steam dragon (D:7)
  2 water moccasins (D:7)
  An acid dragon (D:10)
  An orc warrior (D:7)
  2 black bears
  A sky beast (D:6)
  2 ogres
  A centaur (D:8)
  A kobold brigand (D:5)
  A phantom (D:4)
  4 bullfrogs
  3 necrophages
  4 scorpions
  14 killer bees
  4 howler monkeys (D:9)
  4 jellies
  2 orc priests
  2 hounds
  A gnoll bouda (D:9)
  An iron imp (D:10)
  3 iguanas (D:6)
  4 orc wizards
  10 gnolls
  13 adders
  2 shadow imps
  4 white imps (D:7)
  An ufetubus (D:4)
  2 dart slugs
  17 orcs
  10 ball pythons
  13 endoplasms
  18 giant cockroaches
  4 hobgoblins
  7 jackals
  13 kobolds
  7 quokkas
  7 bats
  13 frilled lizards
  12 goblins
  16 rats
264 creatures vanquished.

Vanquished Creatures (others)
  5 plants (D:5)
5 creatures vanquished.

Grand Total: 269 creatures vanquished

Notes
Turn   | Place    | Note
-------+----------+-------------------------------------------
     0 | D:1      | qw the Troll Cinder Acolyte began the quest for the Orb.
     0 | D:1      | Reached XP level 1. HP: 22/22 MP: 1/1
     0 | D:1      | 0 ||| qw: Version: 0.1-a-97-g2dd2ca4
     0 | D:1      | 0 ||| qw: Game counter: 4746
     0 | D:1      | 0 ||| qw: Always use a shield: true
     0 | D:1      | 0 ||| qw: God list: Okawaru
     0 | D:1      | 0 ||| qw: Allow faded altars: false
     0 | D:1      | 0 ||| qw: Do Orc after D:15 true
     0 | D:1      | 0 ||| qw: Do second Lair branch before Depths: true
     0 | D:1      | 0 ||| qw: Lair rune preference: random
     0 | D:1      | 0 ||| qw: Plans: Normal
     0 | D:1      | 0 ||| PLANNING D:1-11
    61 | D:1      | 61 ||| Stepping ~*~*~tactically~*~*~ (stealth).
    63 | D:1      | 63 ||| Stepping ~*~*~tactically~*~*~ (stealth).
    94 | D:1      | Reached XP level 2. HP: 29/29 MP: 2/2
   145 | D:1      | 145 ||| Stepping ~*~*~tactically~*~*~ (outnumbered).
   220 | D:1      | Found a faded altar of an unknown god.
   329 | D:1      | 329 ||| Stepping ~*~*~tactically~*~*~ (stealth).
   359 | D:1      | Reached XP level 3. HP: 36/36 MP: 3/3
   378 | D:1      | 378 ||| Stepping ~*~*~tactically~*~*~ (stealth).
   866 | D:1      | 866 ||| UPGRADING to ring of positive energy.
   867 | D:1      | 867 ||| UPGRADING to +4 ring of slaying {mikee}.
   868 | D:1      | 868 ||| READING 3 scrolls labelled DADGHI VATTU.
   869 | D:1      | 869 ||| READING scroll labelled WONE IC VUEHUTS.
   870 | D:1      | 870 ||| READING scroll labelled LEILYX PERR.
   875 | D:1      | 875 ||| READING scroll labelled AHEMOC SAP MAD.
   876 | D:1      | 876 ||| READING 2 scrolls of identify.
   876 | D:1      | 876 ||| IDENTIFYING golden potion
   944 | D:2      | 944 ||| Stepping ~*~*~tactically~*~*~ (stealth).
   955 | D:2      | 955 ||| Stepping ~*~*~tactically~*~*~ (outnumbered).
   956 | D:2      | 956 ||| Stepping ~*~*~tactically~*~*~ (outnumbered).
   958 | D:2      | 958 ||| Stepping ~*~*~tactically~*~*~ (outnumbered).
   959 | D:2      | 959 ||| INVOKING Fiery Armour.
   963 | D:2      | Reached XP level 4. HP: 44/44 MP: 4/4
   985 | D:2      | 985 ||| Stepping ~*~*~tactically~*~*~ (stealth).
  1437 | D:2      | Identified the +3 kite shield "Cuwuh" {rC+ Regen+}
  1751 | D:2      | 1751 ||| UPGRADING to +0 kite shield.
  1756 | D:2      | 1756 ||| UPGRADING to +0 tower shield.
  1766 | D:2      | 1766 ||| DROPPING +0 kite shield.
  1767 | D:2      | 1767 ||| DROPPING +3 kite shield "Cuwuh" {rC+ Regen+}.
  1768 | D:2      | 1768 ||| UPGRADING to ring of poison resistance.
  1770 | D:2      | 1770 ||| READING scroll labelled ZUMUILYLYA.
  1771 | D:2      | 1771 ||| READING scroll labelled UNYDEE GAREGG.
  1772 | D:2      | 1772 ||| READING 4 scrolls of identify.
  1772 | D:2      | 1772 ||| IDENTIFYING clear potion
  1773 | D:2      | 1773 ||| READING 3 scrolls of identify.
  1773 | D:2      | 1773 ||| IDENTIFYING silvery potion
  1774 | D:2      | 1774 ||| READING 2 scrolls of identify.
  1774 | D:2      | 1774 ||| IDENTIFYING fizzy red potion
  1775 | D:2      | 1775 ||| DROPPING potion of ambrosia.
  1776 | D:2      | 1776 ||| DROPPING potion of lignification.
  1923 | D:3      | You fall into a shaft and drop 2 floors!
  1923 | D:5      | Entered Level 5 of the Dungeon
  1936 | D:5      | Reached skill level 1 in Shields
  1984 | D:5      | Reached XP level 5. HP: 47/50 MP: 5/5
  2012 | D:5      | Noticed Sigmund
  2019 | D:5      | Killed Sigmund
  2020 | D:5      | Reached skill level 4 in Shields
  2020 | D:5      | Reached XP level 6. HP: 59/59 MP: 6/6
  2022 | D:5      | 2022 ||| READING scroll labelled RYSUOM RYUKATU.
  2023 | D:5      | 2023 ||| READING scroll labelled GYHEIC CUASAPP.
  2024 | D:5      | 2024 ||| DRINKING 2 purple potions.
  2025 | D:5      | 2025 ||| READING 4 scrolls of identify.
  2025 | D:5      | 2025 ||| IDENTIFYING puce potion
  2026 | D:5      | 2026 ||| READING 3 scrolls of identify.
  2026 | D:5      | 2026 ||| IDENTIFYING white potion
  2027 | D:5      | 2027 ||| DROPPING potion of magic.
  2028 | D:5      | 2028 ||| DROPPING potion of brilliance.
  2051 | D:4      | 2051 ||| Stepping ~*~*~tactically~*~*~ (stealth).
  2061 | D:4      | 2061 ||| Stepping ~*~*~tactically~*~*~ (stealth).
  2063 | D:4      | 2063 ||| Stepping ~*~*~tactically~*~*~ (stealth).
  2114 | D:3      | 2114 ||| Stepping ~*~*~tactically~*~*~ (hiding).
  2315 | D:3      | 2315 ||| Stepping ~*~*~tactically~*~*~ (stealth).
  2316 | D:3      | 2316 ||| Stepping ~*~*~tactically~*~*~ (stealth).
  2319 | D:3      | 2319 ||| Stepping ~*~*~tactically~*~*~ (stealth).
  2709 | D:3      | 2709 ||| READING 2 scrolls of identify.
  2709 | D:3      | 2709 ||| IDENTIFYING black potion
  2825 | D:4      | Found a sparkling altar of Nemelex Xobeh.
  2893 | D:4      | 2893 ||| Stepping ~*~*~tactically~*~*~ (stealth).
  3063 | D:4      | 3063 ||| Stepping ~*~*~tactically~*~*~ (stealth).
  3064 | D:4      | 3064 ||| Stepping ~*~*~tactically~*~*~ (stealth).
  3066 | D:4      | 3066 ||| Stepping ~*~*~tactically~*~*~ (hiding).
  3076 | D:4      | Reached skill level 5 in Shields
  3263 | D:4      | 3263 ||| Stepping ~*~*~tactically~*~*~ (stealth).
  3264 | D:4      | 3264 ||| Stepping ~*~*~tactically~*~*~ (stealth).
  3268 | D:4      | 3268 ||| Stepping ~*~*~tactically~*~*~ (stealth).
  3269 | D:4      | 3269 ||| Stepping ~*~*~tactically~*~*~ (stealth).
  3271 | D:4      | 3271 ||| Stepping ~*~*~tactically~*~*~ (hiding).
  3463 | D:4      | 3463 ||| DROPPING ring of magical power.
  3464 | D:4      | 3464 ||| READING scroll labelled WYAMUDD FIGIFF.
  3465 | D:4      | 3465 ||| READING scroll labelled VOTUKK FEREIH.
  3466 | D:4      | 3466 ||| DRINKING 3 sapphire potions.
  3467 | D:4      | 3467 ||| READING 2 scrolls of identify.
  3467 | D:4      | 3467 ||| IDENTIFYING bubbling black potion
  3468 | D:4      | 3468 ||| DROPPING 2 potions of degeneration.
  3496 | D:5      | Reached XP level 7. HP: 66/66 MP: 7/7
  3569 | D:5      | 3569 ||| INVOKING Fiery Armour.
  3657 | D:5      | Reached skill level 6 in Shields
  3939 | D:5      | 3939 ||| Stepping ~*~*~tactically~*~*~ (outnumbered).
  4092 | D:5      | Reached skill level 7 in Shields
  4240 | D:5      | Identified the +11 dagger of Wecita {flame, rC- rN++
                  | Will++}
  4376 | D:5      | 4376 ||| READING scroll labelled WEYSSEGIPH.
  4477 | D:5      | 4477 ||| READING 2 scrolls of identify.
  4477 | D:5      | 4477 ||| IDENTIFYING fuming pink potion
  4478 | D:5      | 4478 ||| DROPPING potion of attraction.
  4495 | D:6      | 4495 ||| PLANNING SEWER
  4521 | D:6      | Reached XP level 8. HP: 72/74 MP: 8/8
  4585 | D:6      | Found a staircase to the Ecumenical Temple.
  4609 | D:6      | 4609 ||| Stepping ~*~*~tactically~*~*~ (stealth).
  4611 | D:6      | Reached skill level 8 in Shields
  4679 | D:6      | 4679 ||| INVOKING Fiery Armour.
  4680 | D:6      | 4680 ||| Stepping ~*~*~tactically~*~*~ (outnumbered).
  4681 | D:6      | 4681 ||| Stepping ~*~*~tactically~*~*~ (outnumbered).
  4682 | D:6      | 4682 ||| Stepping ~*~*~tactically~*~*~ (outnumbered).
  4684 | D:6      | 4684 ||| Stepping ~*~*~tactically~*~*~ (outnumbered).
  4689 | D:6      | 4689 ||| Stepping ~*~*~tactically~*~*~ (outnumbered).
  4696 | D:6      | Reached skill level 6 in Unarmed Combat
  4788 | D:6      | 4788 ||| Stepping ~*~*~tactically~*~*~ (stealth).
  4795 | D:6      | 4795 ||| Stepping ~*~*~tactically~*~*~ (outnumbered).
  4796 | D:6      | 4796 ||| Stepping ~*~*~tactically~*~*~ (outnumbered).
  4797 | D:6      | 4797 ||| Stepping ~*~*~tactically~*~*~ (outnumbered).
  4798 | D:6      | 4798 ||| Stepping ~*~*~tactically~*~*~ (outnumbered).
  4883 | D:6      | Reached skill level 1 in Throwing
  5054 | D:6      | Found a glowing drain.
  5056 | D:6      | 5056 ||| Stepping ~*~*~tactically~*~*~ (stealth).
  5057 | D:6      | 5057 ||| READING scroll labelled ZOSYWYGEOKH.
  5058 | D:6      | 5058 ||| DRINKING 2 lumpy sapphire potions.
  5059 | D:6      | 5059 ||| READING 3 scrolls of identify.
  5059 | D:6      | 5059 ||| IDENTIFYING murky sapphire potion
  5060 | D:6      | 5060 ||| DROPPING potion of berserk rage.
  5085 | Sewer    | Entered a sewer
  5285 | Sewer    | Reached skill level 9 in Shields
  5510 | D:6      | 5510 ||| PLANNING D:1-11
  5560 | D:7      | 5560 ||| Stepping ~*~*~tactically~*~*~ (stealth).
  5563 | D:7      | 5563 ||| Stepping ~*~*~tactically~*~*~ (stealth).
  5564 | D:7      | 5564 ||| Stepping ~*~*~tactically~*~*~ (stealth).
  5580 | D:7      | 5580 ||| Stepping ~*~*~tactically~*~*~ (hiding).
  5583 | D:7      | 5583 ||| INVOKING Fiery Armour.
  5587 | D:7      | 5587 ||| Stepping ~*~*~tactically~*~*~ (outnumbered).
  5588 | D:7      | 5588 ||| Stepping ~*~*~tactically~*~*~ (outnumbered).
  5602 | D:7      | Reached XP level 9. HP: 65/80 MP: 9/9
  5876 | D:7      | 5876 ||| Stepping ~*~*~tactically~*~*~ (hiding).
  6015 | D:7      | Found Queffoig's Assorted Antiques.
  6023 | D:7      | 6023 ||| BUYING potion of haste (270 gold).
  6023 | D:7      | Bought a potion of haste for 270 gold pieces
  6256 | D:8      | 6256 ||| Stepping ~*~*~tactically~*~*~ (stealth).
  6260 | D:8      | 6260 ||| Stepping ~*~*~tactically~*~*~ (stealth).
  6275 | D:8      | Reached skill level 10 in Shields
  6278 | D:8      | Reached skill level 3 in Fighting
  6348 | D:8      | 6348 ||| INVOKING Fiery Armour.
  6352 | D:8      | 6352 ||| Stepping ~*~*~tactically~*~*~ (outnumbered).
  6354 | D:8      | 6354 ||| FLEEEEING.
  6356 | D:8      | 6356 ||| Stepping ~*~*~tactically~*~*~ (outnumbered).
  6357 | D:8      | 6357 ||| Stepping ~*~*~tactically~*~*~ (outnumbered).
  6358 | D:8      | 6358 ||| Stepping ~*~*~tactically~*~*~ (outnumbered).
  6360 | D:8      | 6360 ||| Stepping ~*~*~tactically~*~*~ (outnumbered).
  6366 | D:8      | Reached skill level 9 in Unarmed Combat
  6368 | D:8      | Reached XP level 10. HP: 89/91 MP: 10/10
  6399 | D:8      | Noticed a two-headed ogre
  6407 | D:8      | Killed a two-headed ogre
  6430 | D:8      | 6430 ||| FLEEEEING.
  6472 | D:8      | Reached skill level 11 in Shields
  6687 | D:8      | Found a white marble altar of Elyvilon.
  6787 | D:8      | 6787 ||| READING scroll labelled WUWIGE JYICEK.
  6797 | D:9      | Found Uniumiym's Antique Armour Shop.
  6798 | D:9      | 6798 ||| STAIRDANCE
  6810 | D:9      | 6810 ||| STAIRDANCE
  6828 | D:9      | 6828 ||| STAIRDANCE
  6830 | D:8      | 6830 ||| Stepping ~*~*~tactically~*~*~ (outnumbered).
  6831 | D:8      | 6831 ||| Stepping ~*~*~tactically~*~*~ (outnumbered).
  6837 | D:8      | Reached skill level 1 in Dodging
  6906 | D:9      | 6906 ||| INVOKING Fiery Armour.
  6907 | D:9      | 6907 ||| Stepping ~*~*~tactically~*~*~ (outnumbered).
  6962 | D:9      | 6962 ||| BUYING glowing scarf (216 gold).
  6962 | D:9      | Bought a glowing scarf for 216 gold pieces
  6962 | D:9      | 6962 ||| SHOPLISTING scorched cloak (256 gold, have 36).
  7017 | D:9      | Noticed a manticore
  7018 | D:9      | 7018 ||| Stepping ~*~*~tactically~*~*~ (hiding).
  7030 | D:9      | 7030 ||| INVOKING Fiery Armour.
  7031 | D:9      | Killed a manticore
  7094 | D:9      | Found a radiant altar of Vehumet.
  7104 | D:9      | 7104 ||| Stepping ~*~*~tactically~*~*~ (stealth).
  7140 | D:9      | 7140 ||| Stepping ~*~*~tactically~*~*~ (hiding).
  7141 | D:9      | 7141 ||| Stepping ~*~*~tactically~*~*~ (hiding).
  7164 | D:9      | Noticed a two-headed ogre
  7165 | D:9      | 7165 ||| Stepping ~*~*~tactically~*~*~ (stealth).
  7171 | D:9      | Killed a two-headed ogre
  7175 | D:9      | 7175 ||| Stepping ~*~*~tactically~*~*~ (stealth).
  7183 | D:9      | 7183 ||| Stepping ~*~*~tactically~*~*~ (stealth).
  7279 | D:9      | 7279 ||| DRINKING 5 potions of curing.
  7279 | D:9      | 7279 ||| (to cure confusion)
  7615 | D:9      | Noticed a two-headed ogre
  7624 | D:9      | Killed a two-headed ogre
  7629 | D:9      | Reached XP level 11. HP: 67/100 MP: 11/11
  7778 | D:9      | 7778 ||| UPGRADING to scarf of repulsion.
  7801 | D:10     | Entered Level 10 of the Dungeon
  7814 | D:10     | 7814 ||| INVOKING Fiery Armour.
  7820 | D:10     | Reached skill level 3 in Throwing
  7887 | D:10     | Noticed a two-headed ogre
  7896 | D:10     | Killed a two-headed ogre
  7897 | D:10     | Reached skill level 12 in Shields
  7912 | D:10     | 7912 ||| FLEEEEING.
  7919 | D:10     | Found a snail-covered altar of Cheibriados.
  7919 | D:10     | Noticed a two-headed ogre
  7920 | D:10     | 7920 ||| FLEEEEING.
  7977 | D:10     | Killed a two-headed ogre
  8002 | D:10     | Identified the +0 leather armour "Jofuakka" {rPois rCorr
                  | Str-3 SInv}
  8032 | D:10     | 8032 ||| Stepping ~*~*~tactically~*~*~ (stealth).
  8048 | D:10     | 8048 ||| INVOKING Fiery Armour.
  8152 | D:10     | Found a staircase to the Orcish Mines.
  8206 | D:10     | 8206 ||| Stepping ~*~*~tactically~*~*~ (stealth).
  8212 | D:10     | 8212 ||| Stepping ~*~*~tactically~*~*~ (stealth).
  8333 | D:10     | Found a staircase to the Lair.
  8335 | D:10     | Noticed a death yak
  8335 | D:10     | Noticed a death yak
  8336 | D:10     | 8336 ||| INVOKING Fiery Armour.
  8337 | D:10     | Noticed a death yak
  8340 | D:10     | 8340 ||| Stepping ~*~*~tactically~*~*~ (outnumbered).
  8341 | D:10     | 8341 ||| Stepping ~*~*~tactically~*~*~ (outnumbered).
  8342 | D:10     | 8342 ||| Stepping ~*~*~tactically~*~*~ (outnumbered).
  8344 | D:10     | 8344 ||| Stepping ~*~*~tactically~*~*~ (outnumbered).
  8346 | D:10     | 8346 ||| Stepping ~*~*~tactically~*~*~ (outnumbered).
  8347 | D:10     | 8347 ||| Stepping ~*~*~tactically~*~*~ (outnumbered).
  8348 | D:10     | 8348 ||| Stepping ~*~*~tactically~*~*~ (outnumbered).
  8350 | D:10     | 8350 ||| Stepping ~*~*~tactically~*~*~ (outnumbered).
  8351 | D:10     | 8351 ||| Stepping ~*~*~tactically~*~*~ (outnumbered).
  8353 | D:10     | 8353 ||| Stepping ~*~*~tactically~*~*~ (outnumbered).
  8354 | D:10     | 8354 ||| Stepping ~*~*~tactically~*~*~ (outnumbered).
  8355 | D:10     | 8355 ||| Stepping ~*~*~tactically~*~*~ (outnumbered).
  8356 | D:10     | 8356 ||| Stepping ~*~*~tactically~*~*~ (outnumbered).
  8357 | D:10     | 8357 ||| Stepping ~*~*~tactically~*~*~ (outnumbered).
  8358 | D:10     | 8358 ||| Stepping ~*~*~tactically~*~*~ (outnumbered).
  8358 | D:10     | Found a portal to a secret trove of treasure.
  8359 | D:10     | 8359 ||| Stepping ~*~*~tactically~*~*~ (outnumbered).
  8360 | D:10     | 8360 ||| Stepping ~*~*~tactically~*~*~ (outnumbered).
  8362 | D:10     | HP: 18/100 [death yak (17)]
  8362 | D:10     | HP: 2/100 [acid dragon/splash of acid (16)]
  8363 | D:10     | 8363 ||| READING 5 scrolls of teleportation.
  8363 | D:10     | Killed from afar by an acid dragon

Levels and vault maps discovered:
D:1:      dpeg_arrival_ratfight, layout_basic,
          shapermc_ecumenical_altar_flowoftime, minmay_misc_feat_tower,
          minmay_cupped
D:2:      layout_basic, kennysheep_pointless_box, minmay_fountain_box,
          kennysheep_path_1, eino_tiny_chamber, palyth_stone_intersect
D:3:      layout_basic
D:4:      layout_loops_ring, nemelex_spade_bored_becter, st_stairs_1
D:5:      layout_cave_pods, serial_bayou, serial_bayou_ford_a,
          serial_bayou_pond_c, serial_bayou_lagoon_a, serial_bayou_crossing,
          uniq_sigmund
D:6:      layout_basic, minmay_temple_entry_purple_smoke, portal_sewer_entry_f,
          minmay_bent
D:7:      layout_gridville, serial_shops, nicolae_shop_trees
D:8:      layout_rooms, mainiacjoe_overflow_alcove_4
D:9:      layout_rooms, fiery_altar_vehumet, serial_curves, eino_curves_01,
          eino_curves_04, serial_shops, shop
D:10:     layout_rooms, slow_altar_1, lemuel_doored_altar, dpeg_lair_monsters,
          nicolae_trove_entry_crossroad

Skill      XL: |  1  2  3  4  5  6  7  8  9 10 11 |
---------------+----------------------------------+-----
Unarmed Combat | 4 5 6 9 10 11 | 11.0
Shields        | 1 4 5 7 9 10 11 12 | 12.5
Throwing       | 1 2 3 |  3.1
Fighting       | 3 4 |  4.2
Dodging        | 1 |  1.6
Spellcasting   | |  1.0
Fire Magic     | |  2.1

Action                   |  1- 3 |  4- 6 |  7- 9 | 10-12 || total
-------------------------+-------+-------+-------+-------++-------
Melee: Unarmed           |   134 |   120 |   229 |   194 ||   677
       Punch             |     1 |       |       |       ||     1
Throw: Boomerang         |       |     3 |    52 |     6 ||    61
       Javelin           |       |       |    16 |    28 ||    44
Invok: Fiery Armour      |     1 |       |     4 |     5 ||    10
  Use: Scroll            |     5 |    13 |     4 |     2 ||    24
       Potion            |       |     2 |     1 |     1 ||     4
Armor: Robe              |    67 |    20 |    37 |    47 ||   171
Dodge: Dodged            |    66 |    22 |    34 |    70 ||   192
       Repelled          |       |       |       |     1 ||     1
Block: Tower shield      |       |    36 |   103 |   160 ||   299

Table legend:
 A = Non-vault XP
 B = Vault XP
 C = Vault XP percentage of total XP
 D = Non-vault monster count
 E = Vault monster count
 F = Vault count percentage of total count
                 A         B        C        D         E       F
            +---------+---------+-------+---------+---------+-------
      Total |   15250 |     777 |   4.8 |     213 |      51 |  19.3
            +---------+---------+-------+---------+---------+-------
        D:1 |      65 |      10 |  13.3 |      32 |       8 |  20.0
        D:2 |      53 |       0 |   0.0 |      20 |       0 |   0.0
        D:3 |      68 |       0 |   0.0 |      23 |       0 |   0.0
        D:4 |     208 |       3 |   1.4 |      20 |       2 |   9.1
        D:5 |     735 |     239 |  24.5 |      19 |       1 |   5.0
        D:6 |     757 |     242 |  24.2 |      19 |      13 |  40.6
        D:7 |    1082 |       0 |   0.0 |      14 |       0 |   0.0
        D:8 |    3620 |       0 |   0.0 |      21 |       0 |   0.0
        D:9 |    3753 |       0 |   0.0 |      25 |       0 |   0.0
       D:10 |    4909 |      40 |   0.8 |      20 |       2 |   9.1
      Sewer |       0 |     243 | 100.0 |       0 |      25 | 100.0
            +---------+---------+-------+---------+---------+-------
